 Dungeon Crawl Stone Soup version 0.29-a0-284-gf9362112df (webtiles) character file.

Game seed: 5502553902979949740

5038 Dabor the Destroyer (level 10, 0/81 HPs)
             Began as a Black Draconian Conjurer on Mar 14, 2022.
             Was an Elder of Vehumet.
             Slain by a vault guard
             ... wielding a +0 broad axe
              (14 damage)
             ... in a bailey.
             The game lasted 00:36:47 (9604 turns).

Dabor the Destroyer (Black Draconian Conjurer)      Turns: 9604, Time: 00:36:47

Health: 0/81       AC:  8    Str: 10    XL:     10   Next: 30%
Magic:  20/20      EV: 14    Int: 22    God:    Vehumet [****..]
Gold:   368        SH:  0    Dex: 12    Spells: 12/23 levels left

rFire   + . .      SeeInvis .   a - staff of conjuration
rCold   + . .      Faith    .   (no shield)
rNeg    + . .      Spirit   .   (body armour unavailable)
rPois   +          Reflect  .   (helmet restricted)
rElec   +          Harm     .   r - scarf {rC+ rF+}
rCorr   .          Rampage  .   (no gloves)
Will    .....                   m - +0 pair of boots
Stlth   ++........              (no amulet)
HPRegen 0.23/turn               d - ring of positive energy
MPRegen 0.17/turn               (no ring)

@: no status effects
A: breathe lightning, AC +7, unfitting armour, electricity resistance,
cold-blooded, horns 1, agile 1, poison resistance, MP-powered wands
a: Breathe Lightning, Renounce Religion


You were in a bailey.
You worshipped Vehumet.
Vehumet was greatly pleased with you.
You visited 1 branch of the dungeon, and saw 8 of its levels.
You also visited: Bailey.

You collected 368 gold pieces.

Inventory:

Hand Weapons
 l - a +3 mace of draining
 w - a +5 morningstar
Armour
 m - a +0 pair of boots (worn)
 r - a scarf of resistance (worn)
Magical Staves
 a - a staff of conjuration (weapon)
 n - a staff of cold
Jewellery
 d - a ring of positive energy (left hand)
 t - a ring of resist corrosion
Wands
 p - a wand of paralysis (7)
Scrolls
 e - 2 scrolls of blinking
 h - a scroll of enchant armour
 i - a scroll of teleportation
 q - a scroll of identify
Potions
 c - a potion of attraction
 g - a potion of berserk rage
 j - a potion of lignification
 o - a potion of flight
 x - a potion of might


   Skills:
 + Level 5.5 Fighting
 + Level 1.5 Staves
 * Level 7.2 Dodging
 - Level 3.2 Stealth
 * Level 7.2 Spellcasting
 * Level 8.7 Conjurations
 + Level 5.1 Air Magic


You had 12 spell levels left.
You knew the following spells:

 Your Spells              Type           Power      Damage    Failure   Level
a - Magic Dart            Conj           100%       1d8       1%          1
b - Searing Ray           Conj           100%       2d8       1%          2
c - Foxfire               Conj/Fire      100%       2x1d9     1%          1
d - Mephitic Cloud        Conj/Pois/Air  42%        N/A       1%          3
e - Airstrike             Air            15%        N/A       2%          4

Your spell library contained the following spells:

 Spells                   Type           Power      Damage    Failure   Level
 Stone Arrow              Conj/Erth      80%        3d12      1%          3
 Dazzling Flash           Conj/Hex       80%        N/A       1%          3
 Fulminant Prism          Conj/Hex       20%        3d13      3%          4
 Iskenderun's Mystic Bla  Conj/Tloc      40%        2d9       3%          4
 Corpse Rot               Necr/Air       38%        N/A       4%          2
 Animate Skeleton         Necr           16%        N/A       9%          1
 Apportation              Tloc           16%        N/A       9%          1
 Summon Small Mammal      Summ           32%        N/A       9%          1
 Dispel Undead            Necr           8%         3d8       63%         4
 Summon Ice Beast         Ice/Summ       8%         N/A       63%         4
 Summon Mana Viper        Hex/Summ       8%         N/A       92%         5
 Death Channel            Necr           4%         N/A       100%        6
 Monstrous Menagerie      Summ           4%         N/A       100%        7


Dungeon Overview and Level Annotations

Branches:
Dungeon (8/15)             Temple (0/1) D:7          Bailey (1/1)
   Lair: D:8-11

Altars:
Makhleb
Trog
Vehumet


Innate Abilities, Weirdness & Mutations

You can breathe wild blasts of lightning.
Your glossy black scales are hard. (AC +7)
You cannot fit into any form of body armour.
You are resistant to electric shocks. (rElec)
You are cold-blooded and may be slowed by cold attacks.
You have a pair of small horns on your head.
You are agile. (Dex +2)
Your system is resistant to poisons. (rPois)
You expend magic power (3 MP) to strengthen your wands.


Message History

The vault guard is engulfed in noxious fumes.
The vault guard barely misses you.
You barely miss the vault guard.
The vault guard is engulfed in noxious fumes.
The vault guard hits you with a +0 broad axe.
* * * LOW HITPOINT WARNING * * *
You hit the vault guard but do no damage.
You headbutt the vault guard.
The vault guard is lightly wounded.
The vault guard is engulfed in noxious fumes.
The vault guard hits you but does no damage.
You barely miss the vault guard.
You tail-slap the vault guard, but do no damage.
The vault guard is lightly wounded.
The vault guard is engulfed in noxious fumes.
The vault guard appears confused.
The vault guard is engulfed in noxious fumes.
The vault guard appears confused.
The vault guard is engulfed in noxious fumes.
The vault guard appears confused.
The vault guard says, "Why is everything spinning?"
There is an open door, spattered with blood here.
The vault guard shouts!
You hit the vault guard but do no damage.
You headbutt the vault guard.
The vault guard is lightly wounded.
The vault guard hits you with a +0 broad axe.
* * * LOW HITPOINT WARNING * * *
The vault guard attacks as you move away!
The vault guard barely misses you.
The vault guard attacks as you move away!
The vault guard hits you with a +0 broad axe!
* * * LOW HITPOINT WARNING * * *
There is an open door here.
The vault guard attacks as you move away!
The vault guard hits you with a +0 broad axe.
* * * LOW HITPOINT WARNING * * *
The vault guard attacks as you move away!
The vault guard hits you with a +0 broad axe!
You die...

##### ##?!!##
#.?.(?# #.....#
#.....# #..∩..#
###.....###
##≈##.@.##≈##
##≈≈≈##p##≈≈≈##
#≈≈≈.......≈≈≈#
##≈≈≈.≈.≈......##
#≈≈≈≈..≈...≈≈≈≈.#
#≈≈≈≈≈...≈≈≈###'#
#≈≈≈≈....≈≈## #
###≈≈≈≈..÷.≈≈#
##.#≈≈≈≈≈..≈≈##


You could see a vault guard.

Vanquished Creatures
  Pikel (D:6)
  A troll (D:7)
  Prince Ribbit (Bailey)
  4 humans (Bailey)
  A vampire mosquito (D:7)
  2 sky beasts
  An ice beast (D:5)
  A black bear (D:5)
  An ogre (D:4)
  2 lemures (D:6)
  Blork the orc (D:4)
  14 bullfrogs
  3 necrophages
  7 scorpions
  14 wights
  4 hounds
  4 jellies
  2 orc priests
  An iguana (D:5)
  5 orc wizards
  12 gnolls
  8 adders
  A shadow imp (D:5)
  A worm (D:3)
  A dart slug (D:1)
  23 orcs
  6 endoplasms
  6 giant cockroaches
  14 goblins
  4 hobgoblins
  10 jackals
  6 kobolds
  3 quokkas
  6 ball pythons
  8 bats
  4 frilled lizards
  6 rats
  3 butterflies (D:7)
192 creatures vanquished.

Vanquished Creatures (collateral kills)
  A foxfire (D:5)
1 creature vanquished.

Vanquished Creatures (others)
  628 foxfires
  8 plants (D:8)
636 creatures vanquished.

Grand Total: 829 creatures vanquished

Notes
Turn   | Place    | Note
-------+----------+-------------------------------------------
     0 | D:1      | Dabor the Draconian Conjurer began the quest for the Orb.
     0 | D:1      | Reached XP level 1. HP: 14/14 MP: 3/3
   183 | D:1      | Reached XP level 2. HP: 16/20 MP: 0/5
   376 | D:1      | Learned a level 2 spell: Searing Ray
   729 | D:1      | Found a faded altar of an unknown god.
   785 | D:1      | Prayed at the altar of an unknown god.
   785 | D:1      | Became a worshipper of Vehumet
   785 | D:1      | Reached * piety under Vehumet
   785 | D:1      | Offered knowledge of Foxfire by Vehumet.
   788 | D:1      | Learned a level 1 spell: Foxfire
  1074 | D:2      | Reached XP level 3. HP: 27/27 MP: 0/6
  2057 | D:2      | Reached skill level 1 in Fighting
  2057 | D:2      | Reached XP level 4. HP: 35/35 MP: 3/8
  2511 | D:3      | Offered knowledge of Freeze by Vehumet.
  2512 | D:3      | Reached XP level 5. HP: 25/40 MP: 2/9
  2747 | D:3      | Reached ** piety under Vehumet
  3445 | D:3      | Reached skill level 5 in Conjurations
  3660 | D:4      | Reached XP level 6. HP: 35/48 MP: 1/10
  3723 | D:4      | Noticed Blork the orc
  3734 | D:4      | Killed Blork the orc
  4123 | D:4      | Found a burning altar of Makhleb.
  4150 | D:4      | Found a bloodstained altar of Trog.
  4197 | D:4      | You fall into a shaft and drop 2 floors!
  4200 | D:6      | Noticed Pikel
  4225 | D:6      | Noticed a sky beast
  4239 | D:5      | Entered Level 5 of the Dungeon
  4284 | D:5      | Your scales start taking on a glossy black colour.
  4284 | D:5      | Reached XP level 7. HP: 14/56 MP: 10/12
  4284 | D:5      | Gained mutation: You are resistant to electric shocks.
                  | (rElec) [Black Draconian growth]
  4284 | D:5      | Offered knowledge of Mephitic Cloud by Vehumet.
  4289 | D:5      | Learned a level 3 spell: Mephitic Cloud
  4738 | D:5      | Reached skill level 1 in Air Magic
  4838 | D:5      | Reached skill level 6 in Conjurations
  5044 | D:5      | Reached XP level 8. HP: 63/63 MP: 6/14
  5185 | D:5      | Reached *** piety under Vehumet
  5666 | D:5      | Reached skill level 5 in Spellcasting
  5888 | D:5      | Reached skill level 5 in Dodging
  6359 | D:6      | Offered knowledge of Airstrike by Vehumet.
  6365 | D:6      | Learned a level 4 spell: Airstrike
  6523 | D:6      | Reached skill level 7 in Conjurations
  6660 | D:6      | Paralysed by Pikel for 3 turns
  6941 | D:6      | Killed Pikel
  6942 | D:6      | Reached XP level 9. HP: 69/72 MP: 7/17
  7310 | D:7      | Noticed a troll
  7327 | D:7      | Killed a troll
  8017 | D:7      | Found a runed translucent door.
  8022 | D:7      | Found a runed translucent door.
  8027 | D:7      | Reached skill level 8 in Conjurations
  8039 | D:7      | Reached skill level 5 in Fighting
  8187 | D:7      | Found a staircase to the Ecumenical Temple.
  8793 | D:8      | Found a flagged portal.
  8797 | D:8      | Reached **** piety under Vehumet
  8805 | Bailey   | Entered a bailey
  8832 | Bailey   | Reached XP level 10. HP: 30/81 MP: 7/20
  8875 | Bailey   | Offered knowledge of Stone Arrow by Vehumet.
  8882 | Bailey   | HP: 2/81 [human/+0 war axe (6)]
  8885 | Bailey   | Reached skill level 1 in Staves
  9168 | Bailey   | Reached skill level 5 in Air Magic
  9265 | Bailey   | Noticed a vault guard
  9265 | Bailey   | Noticed Prince Ribbit
  9382 | Bailey   | Noticed a vault guard
  9413 | Bailey   | Gained mutation: You expend magic power (3 MP) to
                  | strengthen your wands. [potion of mutation]
  9413 | Bailey   | Gained mutation: You have a pair of small horns on your
                  | head. [potion of mutation]
  9413 | Bailey   | Gained mutation: You are agile. (Dex +2) [potion of
                  | mutation]
  9413 | Bailey   | Gained mutation: Your system is resistant to poisons.
                  | (rPois) [potion of mutation]
  9421 | Bailey   | Killed Prince Ribbit
  9604 | Bailey   | Slain by a vault guard

Illustrated notes

Levels and vault maps discovered:
D:1:      dpeg_arrival_arbitrary_c, layout_loops_ring, basic_ecumenical_altar,
          minmay_misc_feat_five
D:2:      layout_basic
D:3:      layout_loops_cross
D:4:      layout_gridville, lemuel_doored_altar,
          nicolae_uskayaw_murder_on_the_dancefloor,
          amethyst_overflow_temple_binary, gup_sewer_entry_pipe,
          kennysheep_generic_room_9, uniq_blork_the_orc
D:5:      layout_gridville
D:6:      layout_gridville, hex_large, uniq_pikel
D:7:      lemuel_insect_pit, layout_basic, grunt_ministairs_14, feat_on_display
D:8:      layout_rooms, kennysheep_little_box, david_lair_shrubbed,
          enter_bailey_3, minmay_misc_feat_encased, st_stairs_12
Bailey:   bailey_axe_froggy_fort_hellmonk, bailey

Skill      XL: |  1  2  3  4  5  6  7  8  9 10 |
---------------+-------------------------------+-----
Stealth        | 2 3 |  3.2
Dodging        | 2 3 4 5 6 7 |  7.2
Fighting       | 1 2 3 4 5 |  5.5
Spellcasting   | 3 4 5 6 7 |  7.2
Conjurations   | 5 6 7 8 |  8.7
Air Magic      | 1 3 4 5 |  5.1
Staves         | 1 |  1.5

Action                   |  1- 3 |  4- 6 |  7- 9 | 10-12 || total
-------------------------+-------+-------+-------+-------++-------
Melee: Unarmed           |    29 |       |       |       ||    29
       Tailslap          |     3 |     1 |     1 |     2 ||     7
       Mace              |       |    16 |     5 |       ||    21
       Morningstar       |       |       |     3 |       ||     3
       Staff             |       |       |       |    21 ||    21
       Headbutt          |       |       |       |     2 ||     2
       Punch             |       |       |       |     1 ||     1
 Cast: Magic Dart        |    44 |    32 |     1 |     9 ||    86
       Foxfire           |    30 |    85 |   253 |    36 ||   404
       Searing Ray       |       |     3 |    20 |    16 ||    39
       Airstrike         |       |       |     3 |       ||     3
       Mephitic Cloud    |       |       |     3 |     2 ||     5
 Abil: Breathe Lightning |       |       |     2 |     2 ||     4
Evoke: Wand              |       |       |       |     1 ||     1
  Use: Potion            |     1 |     1 |     2 |    12 ||    16
       Scroll            |       |     4 |     9 |     2 ||    15
 Stab: Sleeping          |       |     2 |       |       ||     2
       Paralysed         |       |       |       |     4 ||     4
Armor: Skin              |    33 |    14 |    55 |    14 ||   116
Dodge: Dodged            |    47 |    29 |   123 |    45 ||   244

Table legend: (Time is in decaauts)
 A = Elapsed time spent in this place.
 B = Non-inter-level travel time spent in this place.
 C = Inter-level travel time spent in this place.
 D = Time resting spent in this place.
 E = Time spent auto-exploring this place.
 F = Levels seen in this place.
 G = Mean time per level.
                   A        B        C        D        E       F      G
               +--------+--------+--------+--------+--------+-----+--------+
         Total |   9637 |   9410 |    227 |   2477 |   4709 |   9 | 1070.8 |
       Dungeon |   8828 |   8601 |    227 |   2073 |   4683 |   8 | 1103.5 |
        Bailey |    809 |    809 |      0 |    404 |     26 |   1 |  809.0 |
               +--------+--------+--------+--------+--------+-----+--------+

Top non-repeatable levels by time:
     D:5: 1968 daAuts
     D:2: 1451 daAuts
     D:6: 1313 daAuts
     D:7: 1288 daAuts
     D:3: 1105 daAuts
     D:1: 1054 daAuts
  Bailey: 809 daAuts
     D:4: 602 daAuts
     D:8: 44 daAuts
